 Dungeon Crawl Stone Soup version 0.16-a0-2465-g0f9d4c6 (webtiles) character file.

351661 Johnny the Frost Mage (level 20, -7/164 (168) HPs)
             Began as a Demigod Ice Elementalist on Nov 20, 2014.
             Mangled by a deep elf blademaster
             ... wielding a +0 rapier
              (14 damage)
             ... on level 3 of the Elven Halls.
             The game lasted 05:41:59 (85860 turns).

Johnny the Frost Mage (Demigod Ice Elementalist)   Turns: 85860, Time: 05:42:00

HP:   -7/164 (168)  AC: 19    Str: 12    XL:     20   Next: 43%
MP:   13/37         EV: 28    Int: 27    God:
Gold: 749           SH:  0    Dex: 29    Spells: 8 memorised, 3 levels left

rFire  + . .     SeeInvis .     b - +5 halberd (flame)
rCold  + . .     Clarity  .     h - +7 leather armour "Urifach" {rElec MR++ Slay+6}
rNeg   + . .     SustAb   +     (no shield)
rPois  +         Gourm    .     E - -2 hat of the Alchemist {rElec rPois rF+ rC+ rN+ MR+ rMut rCorr}
rElec  +         Spirit   .     R - +2 cloak "Fagoef" {Str+1 Int+4}
rCorr  +         Warding  .     e - +0 pair of gloves
rMut   +         Stasis   .     A - +0 pair of boots
MR     +++++                    w - amulet of regeneration
Stlth  ++++......               Q - ring of wizardry
                                v - +4 ring of protection

@: agile, about to teleport, very slightly contaminated, hasted, very quick,
almost entirely resistant to hostile enchantments, stealthy
A: magic resistance 1, sustain abilities
a: no special abilities
}: 2/15 runes: serpentine, barnacled


You were on level 3 of the Elven Halls.
You were hungry.

You visited 8 branches of the dungeon, and saw 47 of its levels.
You also visited: Ossuary, Ice Cave and Volcano.

You collected 6442 gold pieces.
You spent 5693 gold pieces at shops.

Inventory:

Hand weapons
 b - a +5 halberd of flaming (weapon)
 W - a +1 demon trident of draining
Armour
 e - a +0 pair of gloves (worn)
 h - the +7 leather armour "Urifach" (worn) {rElec MR++ Slay+6}
   (You bought it in a shop on level 11 of the Dungeon)

   It affects your accuracy and damage with ranged weapons and melee attacks
   (+6).
   It insulates you from electricity.
   It affects your resistance to hostile enchantments.
 k - a +1 buckler of protection
 A - a +0 pair of boots (worn)
 E - the -2 hat of the Alchemist (worn) {rElec rPois rF+ rC+ rN+ MR+ rMut rCorr}
   (You bought it in a shop on level 1 of the Orcish Mines)

   It protects you from fire.
   It protects you from cold.
   It insulates you from electricity.
   It protects you from poison.
   It protects you from negative energy.
   It affects your resistance to hostile enchantments.
   It protects you from acid and corrosion.
   It protects you from mutation.
 F - a +2 cloak of invisibility
 R - the +2 cloak "Fagoef" (worn) {Str+1 Int+4}
   (You found it on level 3 of the Elven Halls)

   It affects your strength (+1).
   It affects your intelligence (+4).
 T - a cursed +0 cloak
Rods
 j - a +1 rod of the swarm (10/10)
   (You took it off a deep elf mage on level 3 of the Elven Halls)
Jewellery
 g - the ring of Greesoto {Str+4 Int+3 SInv}
   (You found it on level 15 of the Dungeon)

   [ring of see invisible]

   It affects your strength (+4).
   It affects your intelligence (+3).
   It enhances your eyesight.
 s - a +1 ring of intelligence
 v - a +4 ring of protection (left hand)
 w - an amulet of regeneration (around neck)
 K - a +2 ring of dexterity {unknown}
 O - an uncursed ring of flight
 Q - a ring of wizardry (right hand)
Magical devices
 d - a wand of digging (2)
 f - a wand of hasting (3)
 m - a wand of hasting (1)
 n - a wand of enslavement (17)
 o - a wand of paralysis (16)
 B - a wand of fire (4)
 N - a wand of disintegration (3)
 U - a wand of confusion (19)
Scrolls
 i - 22 scrolls of remove curse
 l - 4 scrolls of identify
 q - 4 scrolls of recharging
 r - 4 scrolls of teleportation
 y - 8 scrolls of fog
 D - a scroll of magic mapping
Potions
 p - 9 potions of curing
 t - 5 potions of berserk rage
 u - 3 potions of cancellation
 x - 4 potions of brilliance
 z - a potion of invisibility
 G - 8 potions of restore abilities
 H - 5 potions of might
 I - a potion of resistance
 J - 5 potions of magic
 V - 6 potions of haste
 Z - 2 potions of agility
Miscellaneous
 C - a fan of gales (inert, charging)
 L - a lamp of fire (inert, charging)
 P - a phial of floods (inert, charging)
 X - a disc of storms
Comestibles
 c - 21 bread rations
 S - a chunk of flesh


   Skills:
 - Level 12.1 Fighting
 - Level 9.6 Polearms
 - Level 9.4 Armour
 - Level 9.9 Dodging
 - Level 3.1 Stealth
 - Level 9.2 Spellcasting
 * Level 13.4 Conjurations
 - Level 4.1 Hexes
 + Level 7.8 Charms
 - Level 14.4 Summonings
 - Level 4.7 Necromancy
 * Level 14.7 Ice Magic
 - Level 11.4 Evocations


You had 3 spell levels left.
You knew the following spells:

 Your Spells              Type           Power        Failure   Level  Hunger
a - Freeze                Ice            ####         0%          1    None
b - Summon Ice Beast      Ice/Summ       ######..     1%          4    None
c - Throw Icicle          Conj/Ice       ######..     1%          4    None
d - Cause Fear            Hex            #####.....   4%          4    None
e - Monstrous Menagerie   Summ           ######....   1%          6    #####..
f - Regeneration          Chrm/Necr      #####.....   1%          3    None
g - Haste                 Chrm           ######..     12%         6    #####..
h - Freezing Cloud        Conj/Ice/Air   ######....   7%          6    #####..


Dungeon Overview and Level Annotations

Branches:
Dungeon (15/15)            Temple (0/1) D:7            Lair (8/8) D:11
 Shoals (5/5) Lair:4        Snake (5/5) Lair:4        Slime (0/6) Lair:6
    Orc (4/4) D:9             Elf (3/3) Orc:3        Vaults (3/5) D:13
 Depths (4/5) D:15
  Crypt: Vaults:2-3

Shops:
D:7 :   D:11 [   Orc:1 [[   Orc:4 }::=*   Elf:3 !   Shoals:1 %*(%*
Shoals:5 ?[   Vaults:2 (   Vaults:3 =   Depths:1 *}(!

Portals:
Hell: Depths:1 Depths:2 Depths:3 Depths:4
Abyss: Depths:3 Depths:4
Pandemonium: Depths:1 Depths:3

Annotations:
D:4 runed door
Lair:6 runed door
Snake:3 Norris
Elf:2 runed door
Vaults:3 Mennas


Innate Abilities, Weirdness & Mutations

Your attributes are resistant to harm.
You are resistant to hostile enchantments.


Message History

You feel strangely unstable.
Your air elemental closely misses the deep elf blademaster.
Your air elemental merges itself into the air.
Your air elemental forms itself from the air!
Your air elemental merges itself into the air.
Your air elemental forms itself from the air!
Read which item? (? for menu, Esc to quit)
Okay, then.
Read which item? (? for menu, Esc to quit)
Okay, then.
Evoke which item? (* to show all) (? for menu, Esc to quit)
Okay, then.
Unknown command.
Unknown command.
Drink which item? (? for menu, Esc to quit)
You feel agile all of a sudden.
Your air elemental merges itself into the air.
Your air elemental forms itself from the air!
The deep elf blademaster hits you with a rapier!
You die...

###§### ###...############k#
##..§(.### ###.......## #.#
.........###..........# ######'#
......................# #.......
......................# #.......
..)..................###*#.......
....#...............###.##.......
...###....(.E.......# #..#.......
....#......Ee..e@...#*#..........
...........e)........##..........
............)..((.....#..#.^.....
....(........).(()....#.##.......
....).)..###..........#####).....
##.))).### ###.......##.....###+#
###.### ###...####.....# #.# #)#
##### #.....# #)# #)# #.....###.#


You could see a deep elf blademaster, a friendly deep elf summoner, 2 friendly
air elementals and a friendly deep elf fighter.

Vanquished Creatures
  A golden dragon (Depths:2)
  3 deep elf blademasters (Elf:3)
  A tentacled monstrosity (Depths:3)
  A deep elf master archer (Elf:3)
  A lich (Depths:3)
  A sphinx (Depths:3)
  A tengu reaver (Depths:4)
  A frost giant (Depths:2)
  3 fire giants (Depths:3)
  3 deep elf sorcerers (Elf:3)
  A spriggan defender (Depths:3)
  2 vault wardens
  4 very ugly things
  9 stone giants
  2 rakshasas
  A deep elf demonologist (Elf:3)
  2 dire elephants
  3 deep elf annihilators (Elf:3)
  A deep elf death mage (Elf:1)
  2 vault guards (Vaults:2)
  3 fire dragons
  3 ettins
  2 deep elf high priests
  2 great orbs of eyes
  A minotaur (Depths:4)
  A naga warrior (Snake:3)
  2 yaktaur captains (Vaults:1)
  An anaconda (Snake:5)
  A merfolk aquamancer (Shoals:1)
  3 hydras
  4 dancing weapons (Elf:2)
  3 centaur warriors
  11 death yaks
  A deep troll earth mage (Depths:3)
  3 tengu warriors
  4 ogre magi
  2 deep troll shamans
  6 shock serpents
  A shock serpent (shapeshifter) (D:15)
  A soul eater (D:14)
  A catoblepas (Depths:2)
  A salamander mystic (Depths:3)
  2 iron trolls (Depths:3)
  A skeletal warrior (Vaults:1)
  A fire crab (shapeshifter) (Depths:1)
  2 unseen horrors
  11 deep trolls
  7 hell knights (Depths:3)
  7 deep elf knights
  4 sea snakes
  7 deep elf summoners
  2 ice statues (IceCv)
  Pikel (D:5)
  2 hill giants
  6 ironbrand convokers
  3 wizards
  6 deep elf conjurers
  3 mana vipers
  3 wolf spiders
  A necromancer (Depths:3)
  9 harpies
  A faun (Shoals:3)
  14 ugly things
  2 salamanders
  6 cyclopes
  2 water nymphs
  5 manticores
  2 orc knights
  3 orc sorcerers
  A siren (Shoals:3)
  A griffon (Shoals:1)
  2 vault sentinels
  20 black mambas
  11 elephants
  A gargoyle (D:15)
  A black mamba (shapeshifter) (D:14)
  A guardian serpent (Snake:5)
  A torpor snail (Lair:7)
  7 spiny frogs
  A spiny frog (shapeshifter) (Elf:1)
  11 yaktaurs
  2 kobold demonologists (D:14)
  6 komodo dragons
  A freezing wraith (Vaults:1)
  9 deep elf priests
  A two-headed ogre (shapeshifter) (Depths:1)
  A demonic crawler (Elf:3)
  A fire drake (Lair:6)
  5 trolls
  7 two-headed ogres
  A jumping spider (shapeshifter) (Depths:2)
  2 slime creatures (Vaults:1)
  2 tengu conjurers
  A blue devil (D:14)
  17 blink frogs
  12 merfolk
  2 polar bears (Lair:8)
  Prince Ribbit (D:7)
  5 ravens
  A boulder beetle (Vaults:2)
  2 red wasp zombies
  2 snapping turtles (Shoals:5)
  A wind drake (Shoals:5)
  A basilisk (D:12)
  3 redbacks (Elf:3)
  2 wyverns (Lair:5)
  2 spriggans (Depths:3)
  A trapdoor spider (D:13)
  25 yaks
  4 water elementals
  A shadow (D:14)
  11 deep elf magi
  2 fire bats
  7 hippogriffs
  2 vampire mosquitoes
  A fire elemental (Snake:3)
  16 deep elf fighters
  8 wolves
  A mottled dragon (Vaults:2)
  2 hungry ghosts
  3 wargs
  11 nagas
  A warg (shapeshifter) (Elf:3)
  21 water moccasins
  8 porcupines
  13 orc warriors
  3 sky beasts
  A hell hound (Lair:8)
  5 yellow wasps
  3 spiders
  17 ice beasts
  3 phantoms
  2 black bears
  13 centaurs
  A necrophage (D:9)
  An eye of draining (D:14)
  13 boggarts
  A slave (D:5)
  15 ogres
  9 crocodiles
  A big kobold (D:11)
  14 giant frogs
  A human skeleton (Vaults:1)
  10 scorpions
  10 killer bees
  6 centaur zombies
  3 crimson imps
  13 hounds
  A lava snake (Volcano)
  3 jellies
  A human zombie (Ossuary)
  11 orc priests
  19 orc wizards
  7 centaur skeletons
  3 iguanas
  A polar bear simulacrum (Lair:4)
  14 worker ants
  3 giant frog skeletons
  4 yak simulacra (Lair:4)
  2 wolf simulacra (Lair:4)
  A big kobold zombie (Ossuary)
  Ijyb (D:4)
  A hound zombie (D:5)
  A hound skeleton (D:5)
  3 mummies (Ossuary)
  Robin (D:4)
  4 gnolls (Depths:4)
  2 scorpion zombies (Ossuary)
  A worker ant zombie (D:11)
  15 river rats
  19 adders
  2 giant mites
  3 worms (D:3)
  2 shadow imps (D:14)
  6 giant geckos
  5 oozes
  84 orcs
  18 bats
  3 bat zombies
  7 giant cockroaches
  2 gnoll zombies (Ossuary)
  27 goblins
  20 hobgoblins
  17 kobolds
  10 quokkas
  6 sheep
  3 ball pythons
  A giant gecko skeleton (D:4)
  4 giant newts
  A goblin zombie (Ossuary)
  3 hobgoblin zombies (Ossuary)
  4 jackals
  4 kobold zombies (Ossuary)
  3 orc zombies (Ossuary)
  12 rats
  A river rat simulacrum (Lair:4)
  A crawling corpse (Elf:2)
  A fungus (Elf:3)
1012 creatures vanquished.

Vanquished Creatures (collateral kills)
  Margery (Depths:3)
  Saint Roka (Orc:3)
  3 golden dragons
  Xtahua (Depths:3)
  Nikola (Elf:2)
  2 tentacled monstrosities
  A caustic shrike (Depths:2)
  A quicksilver dragon (Depths:2)
  A deep elf master archer (Elf:3)
  A titan (Depths:4)
  5 octopode crushers
  Rupert (Snake:3)
  Kirke (Elf:3)
  The ghost of Herrn the Severer, a mighty GrFi of Okawaru (Shoals:1)
  Frances (Elf:2)
  Ilsuiw (Shoals:5)
  3 storm dragons
  A vault warden (Vaults:3)
  11 greater nagas
  Maud (D:15)
  A deep elf sorcerer (Elf:3)
  4 emperor scorpions
  2 frost giants
  A spriggan defender (Depths:3)
  The ghost of Kashira the Cleaver, a mighty VSBe of Trog (Shoals:5)
  7 stone giants
  The ghost of smajdalf the Cruncher, a powerful DgEE (Lair:4)
  2 vampire knights
  7 very ugly things
  A deep elf demonologist (Elf:3)
  The ghost of Gruud the Stormcaller, a powerful HEAE of Okawaru (D:14)
  Azrael (Snake:3)
  The ghost of tabulaattori the Sorcerer, a powerful DEIE of Vehumet (Elf:1)
  5 deep elf annihilators
  3 dire elephants
  The ghost of Herrn the Cleaver, a powerful NaFi of Okawaru (D:11)
  3 ettins
  3 merfolk javelineers
  The ghost of Somebody the Transmogrifier, a powerful DgTm (Lair:7)
  3 minotaurs
  A deep elf death mage (Depths:2)
  5 yaktaur captains
  A vault guard (Vaults:2)
  9 merfolk impalers
  3 fire dragons
  A deep elf high priest (Depths:3)
  Harold (Volcano)
  8 hydras
  7 ironheart preservers
  6 naga warriors
  9 ogre magi
  2 great orbs of eyes
  5 ice dragons
  2 spriggan air magi (Depths:4)
  Nessos (Elf:2)
  A merfolk avatar (Shoals:4)
  15 anacondas
  4 centaur warriors
  6 rakshasas
  2 alligator snapping turtles (Shoals:5)
  A merfolk aquamancer (Shoals:4)
  9 dancing weapons (Elf:2)
  23 death yaks
  6 deep troll earth magi
  8 shock serpents
  4 orc high priests (Orc:4)
  A vampire mage (Depths:1)
  5 deep troll shamans
  4 tengu warriors
  A soul eater (Depths:2)
  Urug (Shoals:1)
  A satyr (Shoals:4)
  5 catoblepae
  8 naga sharpshooters
  4 spriggan berserkers
  10 hell knights
  Erolcha (D:13)
  A sun demon (Elf:2)
  2 iron trolls (Depths:3)
  An ice devil (Elf:3)
  4 salamander mystics
  A fire crab (Vaults:2)
  6 deep elf knights
  4 skeletal warriors (Vaults:1)
  3 sea snakes
  9 deep trolls
  A giant orange brain (Depths:3)
  A shadow demon (Depths:1)
  3 flayed ghosts (Depths:3)
  3 deep elf summoners
  5 naga ritualists
  An ice statue (IceCv)
  2 hill giants
  20 harpies
  8 deep elf conjurers
  3 necromancers
  9 griffons
  2 ironbrand convokers
  2 spectral wolf spiders (D:15)
  4 manticores
  28 ugly things
  An orc sorcerer (D:15)
  A wizard (Depths:3)
  3 mana vipers
  A wolf spider (Lair:8)
  A sphinx skeleton (Depths:1)
  8 sirens
  6 water nymphs
  A red wasp (D:15)
  7 cyclopes
  5 fauns
  3 orc knights
  7 air elementals
  26 black mambas
  A rust devil (Depths:1)
  11 salamanders
  A spectral centaur (D:15)
  12 elephants
  A gargoyle (D:14)
  3 vault sentinels
  A smoke demon (Depths:1)
  9 guardian serpents
  10 spiny frogs
  A queen ant (Lair:8)
  13 naga magi
  21 yaktaurs
  The ghost of smajdalf the Geomancer, an experienced DgEE (D:5)
  An efreet (D:13)
  A spriggan zombie (Depths:1)
  A hellwing (Elf:2)
  A kobold demonologist (D:14)
  7 komodo dragons
  A red devil (Depths:1)
  A blue devil (Lair:8)
  A demonic crawler (Elf:3)
  28 merfolk
  2 fire drakes (Lair:8)
  14 deep elf priests
  A troll (Vaults:2)
  2 tengu conjurers
  4 wind drakes
  7 polar bears
  15 two-headed ogres
  A freezing wraith (D:15)
  A boulder beetle (Lair:8)
  11 ravens
  A wind drake (shapeshifter) (Elf:3)
  5 slime creatures
  15 blink frogs
  6 snapping turtles
  3 redbacks
  21 deep elf magi
  A baby alligator (shapeshifter) (Depths:4)
  3 tarantellas
  4 wyverns
  A spriggan (Depths:3)
  23 water elementals
  5 fire bats
  A spriggan skeleton (Depths:1)
  6 hogs (Elf:3)
  A hippogriff (shapeshifter) (Vaults:2)
  A wraith (D:13)
  A fire elemental (Snake:3)
  A chaos spawn (Elf:2)
  21 deep elf fighters
  7 hippogriffs
  20 soldier ants (Lair:8)
  A vampire mosquito (Elf:3)
  56 yaks
  2 spatial vortices (Lair:8)
  A naga (shapeshifter) (Vaults:2)
  5 wargs
  25 water moccasins
  2 slaves (D:5)
  33 nagas
  21 wolves
  4 sky beasts
  5 hell hounds
  A mottled dragon (Vaults:2)
  An ettin simulacrum (Vaults:1)
  15 orc warriors
  12 centaurs
  An eye of draining (D:6)
  8 ice beasts
  A tengu (shapeshifter) (Vaults:1)
  6 porcupines
  7 spiders
  22 ogres
  11 black bears
  14 boggarts
  3 yellow wasps
  2 human skeletons
  7 crocodiles
  A big kobold (D:10)
  2 small abominations (Lair:8)
  A wyvern skeleton (D:6)
  16 giant frogs
  6 scorpions
  A wight (D:5)
  28 killer bees
  A quasit (Snake:5)
  6 crimson imps
  6 lava snakes (Volcano)
  3 goliath beetles
  21 orc priests
  2 jellies
  6 iguanas
  2 centaur zombies
  22 worker ants
  28 orc wizards
  A gnoll shaman (D:7)
  2 polar bear simulacra (Lair:4)
  13 hounds
  2 orange rats
  2 elf simulacra
  25 sheep
  A mummy (D:14)
  13 adders
  12 gnolls
  26 river rats
  A giant mite (D:10)
  A worm (Elf:3)
  71 orcs
  A giant cockroach (D:6)
  4 goblins
  6 jackals
  2 quokkas
  5 ball pythons (Lair:7)
  2 giant geckos
  3 kobolds
  An orc zombie (Ossuary)
  A river rat simulacrum (Lair:4)
  A spectral orc (D:7)
  2 crawling corpses (Elf:2)
  5 plants
  A tentacle (Shoals:5)
1416 creatures vanquished.

Vanquished Creatures (others)
  4 sphinxes
  A deep elf sorcerer (Elf:3)
  A deep elf annihilator (Elf:3)
  A merfolk aquamancer (Shoals:5)
  An ogre mage (Depths:3)
  2 deep elf knights
  An anubis guard (shapeshifter) (Elf:3)
  222 harpies
  97 lindwurms
  102 manticores
  4 drowned souls (Shoals:4)
  A naga mage (Snake:4)
  5 water elementals
  A two-headed ogre (Depths:3)
  7 air elementals
  5 fire elementals
  4 boggarts
  A water moccasin (Snake:2)
  An ogre (Depths:3)
  160 ice beasts
  A lost soul (Elf:1)
  A scorpion zombie (Ossuary)
  A goblin zombie (Ossuary)
  2 bushes
  44 fungi
  32 plants
  16 tentacles (Shoals:5)
  146 tentacle segments (Shoals:5)
864 creatures vanquished.

Grand Total: 3292 creatures vanquished

Notes
Turn   | Place    | Note
--------------------------------------------------------------
     0 | D:1      | Johnny, the Demigod Ice Elementalist, began the quest for the Orb.
     0 | D:1      | Reached XP level 1. HP: 14/14 MP: 3/3
   505 | D:1      | Reached XP level 2. HP: 17/20 MP: 2/4
   810 | D:1      | Reached skill level 1 in Armour
  1067 | D:2      | Reached skill level 1 in Polearms
  1067 | D:2      | Reached XP level 3. HP: 20/27 MP: 0/7
  1303 | D:2      | Reached skill level 3 in Ice Magic
  1575 | D:2      | Reached skill level 1 in Fighting
  1581 | D:2      | Found a sparkling altar of Nemelex Xobeh.
  2237 | D:3      | Reached XP level 4. HP: 16/35 MP: 2/9
  2244 | D:3      | Learned a level 4 spell: Summon Ice Beast
  2282 | D:3      | Found a burning altar of Makhleb.
  2606 | D:3      | Reached skill level 1 in Summonings
  2817 | D:3      | Reached XP level 5. HP: 33/40 MP: 6/12
  2859 | D:3      | Found a blossoming altar of Fedhas.
  3300 | D:4      | Found a snail-covered altar of Cheibriados.
  3343 | D:4      | Reached skill level 1 in Evocations
  3349 | D:4      | Found a runed door.
  3350 | D:4      | Noticed Robin
  3359 | D:4      | Found a shimmering altar of Xom.
  3364 | D:4      | Found a runed door.
  3600 | D:4      | Killed Robin
  3660 | D:4      | Found a runed door.
  3684 | D:4      | Found a runed door.
  3684 | D:4      | Found a runed door.
  3960 | D:4      | Found a runed door.
  3977 | D:4      | Reached skill level 4 in Ice Magic
  3977 | D:4      | Reached XP level 6. HP: 48/48 MP: 10/14
  4089 | D:4      | Noticed Ijyb
  4110 | D:4      | Killed Ijyb
  4758 | D:5      | Entered Level 5 of the Dungeon
  4791 | D:5      | Noticed smajdalf's ghost (experienced DgEE)
  4835 | D:5      | Reached XP level 7. HP: 34/55 MP: 7/17
  4900 | D:5      | Found a sand-covered staircase.
  4906 | Ossuary  | Entered an ossuary
  5135 | Ossuary  | Reached skill level 5 in Ice Magic
  5927 | Ossuary  | Reached XP level 8. HP: 38/63 MP: 4/18
  6228 | D:5      | Noticed Pikel
  6279 | D:5      | Killed Pikel
  6279 | D:5      | Reached skill level 5 in Summonings
  6279 | D:5      | Reached skill level 6 in Ice Magic
  6710 | D:5      | Found a glowing golden altar of the Shining One.
  6776 | D:5      | Killed smajdalf's ghost
  6851 | D:5      | Found a glowing golden altar of the Shining One.
  7145 | D:6      | Reached skill level 7 in Ice Magic
  7559 | D:6      | Reached XP level 9. HP: 71/71 MP: 15/20
  7930 | D:6      | Learned a level 4 spell: Throw Icicle
  8052 | D:6      | Reached skill level 1 in Conjurations
  8666 | D:7      | Found a white marble altar of Elyvilon.
  8770 | D:7      | Found a basalt altar of Yredelemnul.
  8878 | D:7      | Found Puto's Book Boutique.
  8926 | D:7      | Found a staircase to the Ecumenical Temple.
  9014 | D:7      | Found a sacrificial altar of Ru.
  9134 | D:7      | Noticed Prince Ribbit
  9140 | D:7      | Killed Prince Ribbit
  9727 | D:8      | Found a deep blue altar of Sif Muna.
 10015 | D:8      | Reached skill level 5 in Evocations
 10377 | D:8      | Found a shattered altar of Ashenzari.
 11129 | D:9      | Found a staircase to the Orcish Mines.
 11196 | D:9      | Learned a level 4 spell: Cause Fear
 11225 | D:9      | Reached skill level 5 in Fighting
 11514 | D:9      | Reached XP level 10. HP: 49/77 MP: 0/22
 11514 | D:9      | Reached skill level 1 in Hexes
 11670 | D:9      | Noticed a cyclops
 11692 | D:10     | Entered Level 10 of the Dungeon
 12476 | D:9      | Killed a cyclops
 12761 | D:9      | Found an ancient bone altar of Kikubaaqudgha.
 13482 | D:1      | Gained mutation: You are resistant to hostile enchantments. [potion of beneficial mutation]
 14522 | D:11     | Noticed a cyclops
 14548 | D:11     | Killed a cyclops
 14548 | D:11     | Reached skill level 8 in Ice Magic
 14741 | D:11     | Found Ziafell's Armour Boutique.
 14953 | D:11     | Noticed Herrn's ghost (powerful NaFi)
 14953 | D:11     | Found a staircase to the Lair.
 15228 | D:11     | Noticed a cyclops
 15248 | D:11     | Killed a cyclops
 15691 | D:11     | Noticed a hill giant
 15707 | D:11     | Killed a hill giant
 15707 | D:11     | Reached XP level 11. HP: 75/85 MP: 9/24
 15936 | Lair:1   | Entered Level 1 of the Lair of Beasts
 16606 | Lair:1   | Noticed an eight-headed hydra
 16624 | Lair:1   | Killed an eight-headed hydra
 17525 | Lair:2   | Reached skill level 5 in Conjurations
 19257 | Lair:3   | Reached skill level 9 in Ice Magic
 20890 | Lair:4   | Noticed smajdalf's ghost (powerful DgEE)
 20911 | Lair:4   | Found a staircase to the Snake Pit.
 21228 | Lair:4   | Noticed an eight-headed hydra
 21245 | Lair:4   | Killed an eight-headed hydra
 21245 | Lair:4   | Reached XP level 12. HP: 96/96 MP: 3/26
 21384 | Lair:4   | Reached skill level 5 in Dodging
 22216 | Lair:4   | Found a staircase to the Shoals.
 22377 | Lair:4   | Killed smajdalf's ghost
 22794 | Lair:4   | Noticed a six-headed hydra
 22809 | Lair:4   | Killed a six-headed hydra
 24451 | Lair:5   | Reached skill level 5 in Armour
 25058 | Lair:5   | Noticed a five-headed hydra
 25066 | Lair:5   | Killed a five-headed hydra
 25826 | Lair:6   | Noticed a six-headed hydra
 25834 | Lair:6   | Killed a six-headed hydra
 26148 | Lair:6   | Reached skill level 5 in Polearms
 27569 | Orc:1    | Entered Level 1 of the Orcish Mines
 27570 | Orc:1    | Found Otudgh's Armour Emporium.
 27948 | Orc:1    | Found Gracuofo's Antique Armour Shoppe.
 28262 | Orc:2    | Found a flagged portal.
 28290 | Orc:2    | Found a dark tunnel.
 28294 | Volcano  | Entered a volcano
 28383 | Volcano  | Reached XP level 13. HP: 103/103 MP: 3/28
 28463 | Volcano  | Noticed Harold
 28570 | Volcano  | Killed Harold
 28694 | Volcano  | Found a burning altar of Makhleb.
 28772 | Volcano  | Found a radiant altar of Vehumet.
 29840 | Orc:1    | Bought the -2 hat of the Alchemist {rElec rPois rF+ rC+ rN+ MR+ rMut rCorr} for 708 gold pieces
 29856 | Orc:1    | Bought a +0 cloak of magic resistance for 172 gold pieces
 29963 | Orc:3    | Found a frozen archway.
 29974 | IceCv    | Entered an ice cave
 30019 | IceCv    | Reached skill level 10 in Ice Magic
 30515 | Orc:4    | Entered Level 4 of the Orcish Mines
 30517 | Orc:4    | Found Xaing's General Store.
 30541 | Orc:4    | Bought a scroll of teleportation for 42 gold pieces
 30541 | Orc:4    | Bought a scroll of enchant armour for 105 gold pieces
 30541 | Orc:4    | Bought a scroll of blinking for 105 gold pieces
 31220 | Orc:4    | Noticed Saint Roka
 32231 | Orc:3    | Found a staircase to the Elven Halls.
 33079 | Orc:4    | Found Pexiekko's Book Shoppe.
 33079 | Orc:4    | Found Qutari's Jewellery Emporium.
 33083 | Orc:4    | Found Psaxar's Book Emporium.
 33086 | Orc:4    | Found Voihyis' Gadget Shoppe.
 33385 | Orc:4    | Bought a book of Beasts for 605 gold pieces
 33394 | Orc:4    | Learned a level 6 spell: Monstrous Menagerie
 35936 | Lair:8   | Entered Level 8 of the Lair of Beasts
 36794 | Lair:7   | Noticed Somebody's ghost (powerful DgTm)
 36817 | Lair:7   | Killed Somebody's ghost
 37414 | Lair:7   | Reached skill level 5 in Spellcasting
 37576 | Lair:8   | Identified a scroll of acquirement
 38060 | Lair:7   | Reached XP level 14. HP: 76/114 MP: 11/29
 38621 | Lair:8   | Reached skill level 10 in Summonings
 41037 | Lair:8   | Got a pair of blackened boots
 41083 | Lair:8   | Identified the +2 pair of boots of Ginaczef {rPois Stlth--} (You found it on level 8 of the Lair of Beasts)
 42011 | Lair:8   | Reached skill level 10 in Fighting
 42131 | Lair:8   | Got a fine leather armour
 42142 | Lair:8   | Identified the +1 leather armour "Ikkap Zyac" {MR++} (You found it on level 8 of the Lair of Beasts)
 42483 | D:11     | Bought the +7 leather armour "Urifach" {rElec MR++ Slay+6} for 1438 gold pieces
 42666 | Orc:3    | Killed Saint Roka
 42666 | Orc:3    | Reached skill level 11 in Summonings
 43627 | D:11     | Killed Herrn's ghost
 43745 | Orc:4    | Bought a potion of experience for 700 gold pieces
 43747 | Orc:4    | Reached XP level 15. HP: 121/123 MP: 32/32
 44385 | Lair:6   | Found a runed door.
 44385 | Lair:6   | Found a viscous altar of Jiyva.
 44385 | Lair:6   | Found a staircase to the Slime Pits.
 45199 | Snake:1  | Entered Level 1 of the Snake Pit
 46928 | Snake:3  | Noticed Rupert
 46947 | Snake:3  | Killed Rupert
 47427 | Snake:3  | Noticed Azrael
 47440 | Snake:3  | Killed Azrael
 47479 | Snake:3  | Reached XP level 16. HP: 128/132 MP: 10/33
 47508 | Snake:3  | Noticed Norris
 47749 | Snake:3  | Got a distressingly furry robe
 48235 | Snake:3  | Reached skill level 12 in Summonings
 48297 | Snake:4  | Identified the +2 robe of Zin's Approval {+Blink MR++ rCorr} (You found it on level 3 of the Snake Pit)
 49358 | Snake:5  | Entered Level 5 of the Snake Pit
 49857 | Snake:5  | Got a smoking ring mail
 49868 | Snake:5  | Identified the cursed +1 ring mail of the Rabble {rF+} (You found it on level 5 of the Snake Pit)
 51639 | Snake:5  | Reached skill level 10 in Evocations
 53044 | Snake:5  | Got a serpentine rune of Zot
 53854 | Orc:4    | Bought an uncursed amulet of regeneration for 450 gold pieces
 53970 | Elf:1    | Entered Level 1 of the Elven Halls
 54166 | Elf:1    | Noticed tabulaattori's ghost (powerful DEIE)
 54174 | Elf:1    | Killed tabulaattori's ghost
 55390 | Elf:2    | Reached skill level 13 in Summonings
 55411 | Elf:2    | Noticed Frances
 55427 | Elf:2    | Killed Frances
 55835 | Elf:2    | Found a huge runed gate.
 55835 | Elf:2    | Found a huge runed gate.
 55836 | Elf:2    | Found a huge runed gate.
 55836 | Elf:2    | Found a huge runed gate.
 55836 | Elf:2    | Found a huge runed gate.
 55984 | Elf:2    | Noticed Nikola
 55996 | Elf:2    | Killed Nikola
 56005 | Elf:2    | Reached XP level 17. HP: 137/140 MP: 23/34
 56660 | Elf:2    | Noticed Nessos
 56667 | Elf:2    | Killed Nessos
 57061 | Elf:3    | Entered Level 3 of the Elven Halls
 57146 | Elf:3    | Noticed Kirke
 57162 | Elf:3    | Killed Kirke
 57199 | Elf:3    | Found Skoazona's Distillery.
 57207 | Elf:3    | Bought a potion of curing for 45 gold pieces
 57207 | Elf:3    | Bought a potion of haste for 150 gold pieces
 57716 | Elf:3    | yo
 58153 | Shoals:1 | Entered Level 1 of the Shoals
 58188 | Shoals:1 | Found Qimp's Food Shoppe.
 58191 | Shoals:1 | Found Qosiotib's Assorted Antiques.
 58192 | Shoals:1 | Found Osiogg's Antique Weapon Boutique.
 58202 | Shoals:1 | Bought a scroll of fear for 84 gold pieces
 58202 | Shoals:1 | Bought a potion of curing for 72 gold pieces
 58262 | Shoals:1 | Found Pewoashe's General Store.
 58288 | Shoals:1 | Found Shrouzuz's Food Emporium.
 58459 | Shoals:1 | Noticed Urug
 58471 | Shoals:1 | Killed Urug
 58476 | Shoals:1 | Noticed Herrn's ghost (mighty GrFi)
 58482 | Shoals:1 | Killed Herrn's ghost
 59115 | Shoals:2 | Learned a level 3 spell: Regeneration
 60207 | Shoals:3 | Reached skill level 1 in Necromancy
 60726 | Shoals:3 | HERE'S JOHNNY!!
 60781 | Shoals:3 | Reached skill level 1 in Charms
 61825 | Shoals:5 | Entered Level 5 of the Shoals
 61887 | Shoals:5 | Got a steaming chain mail
 62127 | Shoals:5 | Noticed Ilsuiw
 62354 | Shoals:5 | Got a barnacled rune of Zot
 62441 | Shoals:5 | Noticed Kashira's ghost (mighty VSBe)
 62445 | Shoals:5 | Killed Ilsuiw
 62452 | Shoals:5 | Killed Kashira's ghost
 62789 | Shoals:5 | Identified the +7 chain mail of the Beginning {rElec rCorr} (You found it on level 5 of the Shoals)
 63465 | Shoals:5 | Found Neutileg's Magic Scroll Shop.
 63479 | Shoals:5 | Bought a scroll of identify for 32 gold pieces
 64472 | Shoals:5 | Found Miudich's Armour Boutique.
 65509 | D:13     | Noticed Erolcha
 65515 | D:13     | Killed Erolcha
 65798 | D:13     | Found a gate to the Vaults.
 66176 | Vaults:1 | Entered Level 1 of the Vaults
 66394 | Vaults:1 | Reached XP level 18. HP: 148/150 MP: 26/36
 66548 | Vaults:1 | Got a fine ring mail
 66559 | Vaults:1 | Identified the cursed -3 ring mail of Divine Compulsion {rF+ Int+2} (You found it on level 1 of the Vaults)
 66754 | Vaults:1 | Got a faintly glowing chain mail
 66775 | Vaults:1 | Got a pair of ichor-stained boots
 66799 | Vaults:1 | Identified the -1 pair of boots of Okawaru's Esteem {rCorr Curse} (You found it on level 1 of the Vaults)
 66821 | Vaults:1 | Identified the +0 chain mail of the Invisible Hand {+Fly rC+ Str+3} (You found it on level 1 of the Vaults)
 67092 | Vaults:1 | Reached skill level 14 in Summonings
 69460 | Vaults:2 | Found Jaxzuc's Antique Weapon Shop.
 69762 | Vaults:3 | Found Khum's Jewellery Shoppe.
 69764 | Vaults:3 | Noticed Mennas
 70929 | D:14     | Found a corrupted altar of Lugonu.
 70991 | D:14     | Noticed Gruud's ghost (powerful HEAE)
 71005 | D:14     | Killed Gruud's ghost
 71798 | D:15     | Entered Level 15 of the Dungeon
 72408 | D:15     | Reached skill level 5 in Charms
 72461 | D:15     | Learned a level 6 spell: Haste
 72575 | D:15     | Noticed Maud
 72582 | D:15     | Killed Maud
 72656 | D:15     | Got a transparent copper ring
 72657 | D:15     | Identified the ring of Greesoto {Str+4 Int+3 SInv} (You found it on level 15 of the Dungeon)
 73119 | D:7      | Bought a book of Ice for 910 gold pieces
 73128 | D:7      | Learned a level 6 spell: Freezing Cloud
 73707 | D:15     | Found a staircase to the Depths.
 73956 | Depths:1 | Entered Level 1 of the Depths
 73957 | Depths:1 | Found a gateway to Hell.
 74439 | Depths:1 | Got a distressingly furry robe
 74451 | Depths:1 | Identified the +1 robe of Moiwkuu {rC+} (You found it on level 1 of the Depths)
 74591 | Depths:1 | Found Khiezec's Antique Weapon Shop.
 74655 | Depths:1 | Found Yggeka's Distillery.
 74665 | Depths:1 | Bought a potion of heal wounds for 75 gold pieces
 74700 | Depths:1 | Found Ufoboy's Gadget Shoppe.
 75390 | Depths:1 | Found Smaeschoe's Assorted Antiques.
 75547 | Depths:1 | Found a one-way gate leading to the halls of Pandemonium.
 76341 | Depths:2 | Reached XP level 19. HP: 143/156 MP: 24/37
 77104 | Depths:2 | Reached skill level 10 in Conjurations
 77184 | Depths:2 | Noticed a golden dragon
 77196 | Depths:2 | Noticed a golden dragon
 77467 | Depths:2 | Killed a golden dragon
 77702 | Depths:2 | Got a sparkling tin amulet
 77791 | Depths:2 | Identified the amulet of Gig Cru {+Rage Str+2 Dex+2} (You took it off an ogre mage on level 2 of the Depths)
 77795 | Depths:2 | Identified the Papyrus of Intoxication and Arcane Weapons
 77804 | Depths:2 | Identified the Tome of Mutagenic Augmentations (You found it on level 2 of the Depths)
 78408 | Depths:3 | Noticed Margery
 78433 | Depths:3 | Killed Margery
 78683 | Depths:3 | Noticed Xtahua
 79121 | Depths:3 | Killed Xtahua
 79491 | Depths:3 | Found a one-way gate to the infinite horrors of the Abyss.
 80354 | Depths:3 | Noticed a golden dragon
 80362 | Depths:3 | Killed a golden dragon
 80707 | Depths:3 | Noticed a golden dragon
 80718 | Depths:3 | Killed a golden dragon
 80923 | Depths:3 | Got a diamond-studded chain mail
 81635 | Depths:4 | Noticed a golden dragon
 82307 | Depths:4 | Reached XP level 20. HP: 132/164 MP: 11/37
 82875 | Depths:4 | Killed a golden dragon
 83804 | Depths:4 | Identified the +3 chain mail of Death's Door {Int+3 Dex+2 Slay+6} (You took it off a deep elf high priest on level 3 of the Depths)
 84161 | Depths:4 | Got an iridescent spear
 84162 | Depths:4 | Identified the cursed +0 spear of Ufromnan {pierce, Dex-2} (You found it on level 4 of the Depths)
 85758 | Elf:3    | Got a twisted cloak
 85769 | Elf:3    | Identified the +2 cloak "Fagoef" {Str+1 Int+4} (You found it on level 3 of the Elven Halls)
 85851 | Elf:3    | HP: 5/164 [deep elf blademaster/rapier (6)]
 85851 | Elf:3    | HP: 2/164 [deep elf blademaster/rapier (3)]
 85860 | Elf:3    | Mangled by a deep elf blademaster

Action                   |  1- 3 |  4- 6 |  7- 9 | 10-12 | 13-15 | 16-18 | 19-21 || total
-------------------------+-------+-------+-------+-------+-------+-------+-------++-------
Melee: Spear             |    85 |   135 |   530 |  1069 |     5 |       |       ||  1824
       Unarmed           |     1 |       |       |       |       |       |       ||     1
       Halberd           |       |       |       |       |  1140 |  1305 |    75 ||  2520
       Demon trident     |       |       |       |       |       |   108 |   689 ||   797
Throw: Throwing net      |       |       |       |       |     3 |       |       ||     3
 Cast: Freeze            |    44 |   124 |    65 |   263 |   126 |    24 |    10 ||   656
       Summon Ice Beast  |       |       |    74 |   278 |   220 |    22 |     6 ||   600
       Throw Icicle      |       |       |       |    11 |     2 |    14 |    24 ||    51
       Cause Fear        |       |       |       |     2 |     1 |     2 |       ||     5
       Monstrous Menager |       |       |       |       |   134 |   544 |   242 ||   920
       Freezing Cloud    |       |       |       |       |       |       |     5 ||     5
       Haste             |       |       |       |       |       |       |     4 ||     4
 Abil: Evoke Invisibilit |       |       |       |       |       |     2 |     3 ||     5
Evoke: Wand              |       |       |       |    44 |    42 |    13 |    28 ||   127
       Fan of gales      |       |       |       |       |       |     3 |     3 ||     6
       Lamp of fire      |       |       |       |       |       |     3 |     3 ||     6
       Phial of floods   |       |       |       |       |       |       |     5 ||     5
       Disc of storms    |       |       |       |       |       |       |     1 ||     1
  Use: Scroll            |       |     1 |     7 |    12 |    22 |    31 |    12 ||    85
       Potion            |       |     1 |       |     8 |     9 |     6 |    13 ||    37
 Stab: Sleeping          |     2 |     8 |    19 |    12 |     9 |    13 |       ||    63
       Distracted        |       |     1 |     8 |    17 |    39 |    57 |    28 ||   150
       Confused          |       |       |       |    16 |       |     2 |     1 ||    19
       Paralysed         |       |       |       |     8 |       |     3 |     3 ||    14
       Invisible         |       |       |       |     1 |       |     2 |    13 ||    16
       Fleeing           |       |       |       |     1 |       |       |       ||     1
  Eat: Chunk             |     3 |    10 |    28 |    68 |   135 |   228 |    91 ||   563
       Pizza             |     1 |       |       |     2 |       |     3 |     1 ||     7
       Fruit             |       |       |     4 |     8 |     6 |    13 |     3 ||    34
       Beef jerky        |       |       |     2 |     2 |     2 |    14 |     2 ||    22
       Bread ration      |       |       |     1 |       |       |       |     3 ||     4
       Meat ration       |       |       |       |     6 |     4 |     8 |     4 ||    22
       Royal jelly       |       |       |       |       |     1 |     3 |       ||     4
